 Dungeon Crawl Stone Soup version 0.31-a0-1-g4198be8af4 (webtiles) character file.

Game seed: 5452915325053220669

44 greasedhog the Trooper (level 3, -17/34 HPs)
             Began as a Naga Fighter on May 1, 2023.
             Demolished by a sleepcap (18 damage)
             ... on level 3 of the Dungeon.
             The game lasted 00:01:09 (1029 turns).

greasedhog the Trooper (Naga Fighter)               Turns: 1029, Time: 00:01:09

Health: -17/34     AC:  5    Str: 20    XL:     3   Next: 60%
Magic:  3/3        EV:  1    Int:  8    God:
Gold:   110        SH:  0    Dex: 10    Spells: 2/2 levels left

rFire   . . .        a - +0 trident
rCold   . . .        c - +0 buckler
rNeg    . . .        b - +0 scale mail
rPois   +            (no helmet)
rElec   .            (no cloak)
rCorr   .            e - +0 pair of gloves
SInv    +            (no barding)
Will    .....        (no amulet) Stlth
                     (no ring)
HPRegen 0.25/turn    (no ring)
MPRegen 0.08/turn

%: no passive effects
@: sleeping, very slow
A: AC +1, large, see invisible, deformed body, poison resistance, slowness 2,
spit poison 1, naga tail 1
a: Spit Poison


You were on level 3 of the Dungeon.
You visited 1 branch of the dungeon, and saw 3 of its levels.

You collected 110 gold pieces.

Inventory:

Hand Weapons
 a - a +0 trident (weapon)
Armour
 b - a +0 scale mail (worn)
 c - a +0 buckler (worn)
 e - a +0 pair of gloves (worn)
Scrolls
 h - a scroll of enchant armour {unknown}
Potions
 d - a potion of might
 f - a potion of experience {unknown}
 g - a potion of degeneration {unknown}
 i - a potion of brilliance {unknown}


   Skills:
 + Level 3.5 Fighting
 * Level 3.3 Polearms
 - Level 2.4 Armour
 - Level 2.6 Shields


You had 2 spell levels left.
You didn't know any spells.
Your spell library contained the following spells:

 Spells                   Type           Power      Damage    Failure   Level
 Ensorcelled Hibernation  Hex/Ice        0%         N/A       94%         2
 Passwall                 Tmut/Erth      0%         N/A       94%         2
 Swiftness                Air            0%         N/A       99%         3


Dungeon Overview and Level Annotations

Branches:
Dungeon (2/15)

Altars:


Innate Abilities, Weirdness & Mutations

Your serpentine skin is tough. (AC +1)
You have supernaturally acute eyesight. (SInv)
Armour fits poorly on your strangely shaped body.
Your system is resistant to poisons. (rPois)
You cover ground very slowly.
You can spit poison.
You have a snake-like lower body.


Message History

You hit the sleepcap.
The sleepcap is lightly damaged.
The sleepcap releases spores at you. The sleepcap releases spores at you.
The rat attacks as you move away! The rat bites you.
The sleepcap releases spores at you. The sleepcap releases spores at you.
You are engulfed in a cloud of soporific spores!
You fall asleep.
The sleepcap releases spores at you!!
You wake up.
Ouch! That really hurt!
* * * LOW HITPOINT WARNING * * *
You are engulfed in a cloud of soporific spores!
You are unaffected.
The rat twitches its whiskers.
Aiming: Spit Poison (2% risk of failure)
Press: ? - help, Shift-Dir - straight line The splash of poison hits the sleepcap but does no damage.
The sleepcap is poisoned.
The sleepcap is lightly damaged.
The sleepcap releases spores at you.
* * * LOW HITPOINT WARNING * * *
You are engulfed in a cloud of soporific spores!
You are unaffected.
You hit the sleepcap.
The sleepcap is heavily damaged.
The sleepcap releases spores at you but does no damage.
You hit the sleepcap.
The sleepcap is severely damaged.
The sleepcap looks more healthy.
The sleepcap barely misses you.
You hit the sleepcap but do no damage.
The sleepcap is severely damaged.
You have got your breath back.
The sleepcap releases spores at you.
* * * LOW HITPOINT WARNING * * *
You are engulfed in a cloud of soporific spores!
You fall asleep.
The sleepcap releases spores at you!!
Ouch! That really hurt!
You die...

.. ###..... #.
(#..?... #.. ...
... #..###†###..
#.!.#...# ..
#..K#...# ...
..#.r.#..###..
#..###f.#...#
#...#@..#...#
#...#..##...#
#.###..#..###.##
.......#........
##.###..#..###.##
.#..##...#
..#...#...#
..###..#...#
..#...#..###..


You could see a sleepcap.

Vanquished Creatures
  3 dart slugs (D:1)
  4 endoplasms (D:1)
  2 giant cockroaches (D:1)
  4 goblins
  4 hobgoblins
  2 jackals (D:1)
  3 quokkas
  4 ball pythons (D:1)
  3 bats (D:1)
  A frilled lizard (D:1)
  3 kobolds (D:1)
33 creatures vanquished.

Vanquished Creatures (others)
  2 plants (D:2)
2 creatures vanquished.

Grand Total: 35 creatures vanquished

Notes
Turn   | Place    | Note
-------+----------+-------------------------------------------
     0 | D:1      | greasedhog the Naga Fighter began the quest for the Orb.
     0 | D:1      | Reached XP level 1. HP: 21/21 MP: 1/1
    79 | D:1      | Reached XP level 2. HP: 27/28 MP: 2/2
   338 | D:1      | Reached XP level 3. HP: 34/34 MP: 3/3
   999 | D:2      | You fall into a shaft and drop 1 floor!
  1029 | D:3      | HP: 1/34 [sleepcap (3)]
  1029 | D:3      | Demolished by a sleepcap

Illustrated notes

Levels and vault maps discovered:
D:1:      nzn_arrival_settlement, layout_loops_ring,
          hangedman_decor_diamond_cutter, minmay_misc_feat_square
D:2:      wad_woods_stonehenge, layout_basic, uniq_terence
D:3:      layout_rooms, tgw_fedhas, general_overflow_altar,
          basic_ecumenical_altar, nicolae_titane, uniq_crazy_yiuf_cottage

Skill      XL: |  1  2 |
---------------+-------+-----
Polearms       | 3 |  3.3
Fighting       | |  3.5
Armour         | |  2.4
Shields        | |  2.6

Action                     || total
---------------------------++-------
  Melee: Trident           ||   125
Ability: Spit Poison       ||     1
 Armour: Scale mail        ||    65
  Dodge: Dodged            ||    52
  Block: Buckler           ||    25

Table legend: (Time is in decaauts)
 A = Elapsed time spent in this place.
 B = Non-inter-level travel time spent in this place.
 C = Inter-level travel time spent in this place.
 D = Time resting spent in this place.
 E = Time spent auto-exploring this place.
 F = Levels seen in this place.
 G = Mean time per level.
                   A        B        C        D        E       F      G
               +--------+--------+--------+--------+--------+-----+--------+
         Total |   1349 |   1318 |     31 |      0 |   1068 |   3 |  449.7 |
       Dungeon |   1349 |   1318 |     31 |      0 |   1068 |   3 |  449.7 |
               +--------+--------+--------+--------+--------+-----+--------+

Top non-repeatable levels by time:
     D:1: 1129 daAuts
     D:2: 180 daAuts
     D:3: 38 daAuts
